 Dungeon Crawl Stone Soup version 0.14.1-26-g5a19342 (webtiles) character file.

557 Kae the Insei (level 7, -2/57 HPs)
             Began as a Naga Transmuter on July 31, 2014.
             Killed from afar by Dowan (15 damage)
             ... with a shard of ice
             ... on Level 4 of the Dungeon.
             The game lasted 00:07:02 (4433 turns).

Kae the Insei (Naga Transmuter)                     Turns: 4433, Time: 00:07:03

HP  -2/57        AC  2     Str 12      XL: 7   Next:  6%
MP   0/12        EV 19     Int 14      God:
Gold 101         SH  0     Dex 18      Spells:  3 memorised,  4 levels left

rFire  . . .     SeeInvis +     j - melded +3,+2 spear
rCold  . . .     Clarity  .     c - melded +0 robe
rNeg   . . .     Conserve .     (shield currently unavailable)
rPois  x         rCorr    .     (helmet currently unavailable)
rElec  .         rRot     .     u - melded +2 cloak
SustAb . .       Spirit   +     w - melded +0 pair of gloves
rMut   .         Warding  .     (no barding)
Saprov . . .     Stasis   .     e - amulet of guardian spirit
MR     .....                    (no ring)
                                (no ring)

@: spider-form (expiring), lethally poisoned, very slightly contaminated, quick,
not resistant to hostile enchantments, unstealthy
A: spit poison, see invisible, (deformed body), (poison resistance), (slowness
0), AC +2
a: Spit Poison, End Transformation


You were on level 4 of the Dungeon.
You were near starving.
You were in spider-form.
You visited 1 branch of the dungeon, and saw 4 of its levels.

You collected 156 gold pieces.
You spent 55 gold pieces at shops.

Inventory:

Hand weapons
 j - a +3,+2 spear (melded)
Missiles
 b - 12 arrows
Armour
 c - a +0 robe (melded)
 u - a +2 cloak (melded)
 w - a +0 pair of gloves (melded)
Magical devices
 v - a wand of magic darts (5)
Comestibles
 a - 3 bread rations
 h - a choko
 t - an orange
Scrolls
 f - 3 scrolls of teleportation
 g - 3 scrolls of fear
 i - a scroll of fog
 p - 2 scrolls of immolation
 q - 3 scrolls of remove curse
 s - a scroll of identify
 x - a scroll of enchant weapon II {unknown}
Jewellery
 e - an amulet of guardian spirit (around neck)
Potions
 k - 2 potions of heal wounds
 n - a potion of curing
 r - a potion of restore abilities
 z - a potion of degeneration
Books
 d - a book of Changes

   Spells                             Type                      Level
   *Beastly Appendage                 Transmutation                1
   *Sticks to Snakes                  Transmutation                2
   *Spider Form                       Transmutation/Poison         3
   Ice Form                           Ice/Transmutation            4
   Blade Hands                        Transmutation                5


   Skills:
 - Level 1.0 Fighting
 - Level 1.5 Dodging
 * Level 6.6 Unarmed Combat
 - Level 2.0 Spellcasting
 + Level 4.4 Transmutations


You had 4 spell levels left.
You knew the following spells:

 Your Spells              Type           Power        Failure   Level  Hunger
a - Beastly Appendage     Trmt           ##....       14%         1    ##.....
b - Sticks to Snakes      Trmt           ##........   24%         2    ###....
c - Spider Form           Trmt/Pois      #.........   52%         3    ####...


Dungeon Overview and Level Annotations

Branches:
Dungeon (4/15)
 Temple: D:4-7

Altars:

Shops:
D:4 *[[

Annotations:
D:4 Dowan


Innate Abilities, Weirdness & Mutations

You cannot wear boots.
You can spit poison.
((Your serpentine skin is tough (AC +2).))*
You have supernaturally acute eyesight.
((Armour fits poorly on your strangely shaped body.))*
((Your system is resistant to poisons.))*
((You cover ground very slowly.))*


Message History

You hit Dowan.
Dowan is moderately wounded.
You feel sick.
Dowan says, "How can I live without her?"
Dowan gestures wildly while chanting.
Dowan blinks!
You feel sick.
Your butterfly disappears in a puff of smoke!
Dowan gestures wildly while chanting.
Dowan blinks!
You feel sick.
Dowan points at you and mumbles some strange words.
The stone arrow misses you.
You completely miss Dowan.
Dowan is heavily wounded.
You feel sick. Dowan hits you but does no damage.
You are lethally poisoned!
Dowan casts a spell at you. The shard of ice hits you!
You die...

#....## #.......
#........ ######
#....... .....
#b....# #....
#########.....#
#..<#
...............#
#...#
........∩e.....#
#...#
..........s....#
#...#
###+######....#
#...# #.)..#
#.... #....#
#.... #....#
#..##
#....########..#
+.....∩........#
#..............#
#....#####.....#


You could see Dowan.

Vanquished Creatures
  An ice beast (D:4)
  Duvessa (D:4)
  Crazy Yiuf (D:3)
  An iguana (D:4)
  A worker ant (D:4)
  11 adders
  4 gnolls (D:2)
  A worm (D:2)
  4 giant geckos
  7 orcs
  8 goblins
  5 hobgoblins
  6 jackals
  9 kobolds
  4 quokkas (D:2)
  2 ball pythons
  7 bats
  4 giant cockroaches
  2 giant newts
  7 rats
86 creatures vanquished.

Notes
Turn   | Place    | Note
--------------------------------------------------------------
     0 | D:1      | Kae, the Naga Transmuter, began the quest for the Orb.
     0 | D:1      | Reached XP level 1. HP: 18/18 MP: 3/3
   506 | D:1      | Reached XP level 2. HP: 11/25 MP: 0/4
  1107 | D:1      | Reached XP level 3. HP: 24/31 MP: 3/6
  1552 | D:2      | Reached skill level 4 in Unarmed Combat
  1733 | D:2      | Reached XP level 4. HP: 31/38 MP: 5/7
  2415 | D:2      | Reached XP level 5. HP: 44/44 MP: 9/9
  2423 | D:2      | Learned a level 2 spell: Sticks to Snakes
  2427 | D:2      | Learned a level 3 spell: Spider Form
  2495 | D:2      | Reached skill level 5 in Unarmed Combat
  3638 | D:3      | Noticed Crazy Yiuf
  3648 | D:3      | Killed Crazy Yiuf
  3648 | D:3      | Reached XP level 6. HP: 9/51 MP: 3/10
  4026 | D:4      | Reached skill level 6 in Unarmed Combat
  4260 | D:4      | Found Ydiuj's Antique Armour Shop.
  4377 | D:4      | Found Fetzelin's Antique Armour Shop.
  4390 | D:4      | Found Shajud's General Store.
  4394 | D:4      | Bought a potion of degeneration for 22 gold pieces
  4395 | D:4      | Bought a scroll of remove curse for 33 gold pieces
  4400 | D:4      | Noticed Dowan
  4403 | D:4      | Noticed Duvessa
  4422 | D:4      | Killed Duvessa
  4422 | D:4      | Reached XP level 7. HP: 32/57 MP: 2/12
  4433 | D:4      | Killed from afar by Dowan

Action                   |  1- 3 |  4- 6 |  7- 9 || total
-------------------------+-------+-------+-------++-------
Melee: Unarmed           |    43 |     5 |     6 ||    54
       Spear             |    68 |   241 |       ||   309
 Cast: Beastly Appendage |     9 |       |       ||     9
       Spider Form       |       |     1 |       ||     1
 Abil: Spit Poison       |     2 |     9 |       ||    11
Evoke: Wand              |       |     3 |       ||     3
  Use: Potion            |     1 |     2 |       ||     3
       Scroll            |     1 |     8 |       ||     9
 Stab: Sleeping          |     1 |     2 |       ||     3
       Distracted        |       |     2 |       ||     2
